 Dungeon Crawl Stone Soup version 0.23.2-30-g0e89c35649 (webtiles) character file.

Game seed: 2657584837130145972

6284 troglodite the Geomancer (level 10, -2/59 HPs)
             Began as a Gargoyle Earth Elementalist on June 17, 2019.
             Was a Believer of Qazlal.
             Slain by an unseen horror (8 damage)
             ... on level 10 of the Dungeon on June 18, 2019.
             The game lasted 01:04:20 (15141 turns).

troglodite the Geomancer (GrEE)                    Turns: 15141, Time: 01:04:20

Health: -2/59      AC: 13    Str: 13    XL:     10   Next: 94%
Magic:  10/19      EV: 13    Int: 20    God:    Qazlal [**....]
Gold:   700        SH:  7    Dex: 10    Spells: 2/21 levels left

rFire    . . .     SeeInvis .   I - +2 hand axe (freeze)
rCold    . . .     Gourm    .   w - +0 buckler
rNeg     + . .     Faith    +   a - +2 robe {MR+}
rPois    ∞         Spirit   .   n - +0 helmet
rElec    +         Reflect  .   v - +0 cloak
rCorr    .         Harm     .   (no gloves)
MR       +....                  (no boots)
Stlth    ++........             G - amulet of faith
HPRegen  0.19/turn              x - +2 ring of intelligence
MPRegen  0.16/turn              (no ring)

@: no status effects
A: negative energy resistance 1, electricity resistance, unbreathing,
petrification resistance, rot immunity, AC +7
a: Upheaval, Renounce Religion


You were on level 10 of the Dungeon.
You worshipped Qazlal.
Qazlal was pleased with you.
You were not hungry.

You visited 2 branches of the dungeon, and saw 11 of its levels.
You also visited: Ossuary.

You collected 700 gold pieces.

Inventory:

Hand Weapons
 F - a +2 short sword of draining
 I - a +2 hand axe of freezing (weapon)
Missiles
 b - 44 stones (quivered)
Armour
 a - a +2 robe of magic resistance (worn)
 n - a +0 helmet (worn)
 v - a +0 cloak (worn)
 w - a +0 buckler (worn)
 z - a +2 leather armour of cold resistance
Jewellery
 p - an uncursed amulet of rage
 t - an uncursed amulet of the gourmand
 x - a +2 ring of intelligence (left hand)
 G - an amulet of faith (around neck)
 L - an uncursed ring of stealth {unknown}
Wands
 l - a wand of acid (9)
 s - a wand of random effects (20)
 y - a wand of polymorph (10)
 B - a wand of paralysis (13)
 H - a wand of flame (10)
Scrolls
 c - 3 scrolls of identify
 f - 2 scrolls of enchant weapon {unknown}
 h - 2 scrolls of fog {unknown}
 j - 3 scrolls of magic mapping {unknown}
 k - 3 scrolls of amnesia
 m - 2 scrolls of immolation
 o - 5 scrolls of remove curse
 q - 3 scrolls of enchant armour {unknown}
 r - a scroll of blinking {unknown}
 u - 2 scrolls of teleportation
 J - a scroll of silence {unknown}
Potions
 e - 5 potions of curing
 g - a potion of brilliance
 i - 3 potions of haste
 A - 2 potions of flight
 C - 2 potions of magic
 D - 2 potions of agility
 E - a potion of resistance
Comestibles
 d - 14 rations
 K - 11 chunks of flesh


   Skills:
 * Level 5.1 Fighting
 + Level 2.7(3.4) Axes
   Level 3.5(4.1) Maces & Flails
 + Level 1.9 Armour
 + Level 4.4 Dodging
 - Level 5.5 Stealth
 * Level 4.7 Shields
 * Level 6.0 Spellcasting
 * Level 5.3 Conjurations
 * Level 1.4 Hexes
 * Level 1.9 Charms
 * Level 1.7 Necromancy
 * Level 4.1 Transmutations
 * Level 8.0 Earth Magic


You had 2 spell levels left.
You knew the following spells:

 Your Spells              Type           Power        Failure   Level  Hunger
a - Sandblast             Erth           #####.       1%          1    None
b - Passwall              Tmut/Erth      ####....     1%          2    None
c - Stone Arrow           Conj/Erth      ####..       1%          3    ##.....
d - Magic Dart            Conj           ####         1%          1    None
e - Petrify               Tmut/Erth      ####....     9%          4    ####...
f - Searing Ray           Conj           ####..       1%          2    None
g - Vampiric Draining     Necr           ##........   16%         3    ##.....
h - Spectral Weapon       Hex/Chrm       ##......     16%         3    ##.....

Your spell library contained the following spells:

 Spells                   Type           Power        Failure   Level  Hunger
 Animate Skeleton         Necr           N/A          4%          1    None
 Infusion                 Chrm           ##..         4%          1    None
 Pain                     Necr           ##..         4%          1    None
 Song of Slaying          Chrm           ##......     7%          2    None
 Shroud of Golubria       Chrm/Tloc      #.........   11%         2    None
 Poisonous Vapours        Pois/Air       #.....       16%         2    None
 Dazzling Spray           Conj/Hex       ###...       8%          3    ##.....
 Conjure Flame            Conj/Fire      ###.....     11%         3    ##.....
 Lee's Rapid Deconstruct  Erth           #####.....   11%         5    #####..
 Iskenderun's Mystic Bla  Conj           ####....     12%         4    ####...
 Regeneration             Chrm/Necr      ##........   14%         3    ##.....
 Mephitic Cloud           Conj/Pois/Air  ##......     16%         3    ##.....
 Fulminant Prism          Conj/Hex       ###.......   26%         4    ####...
 Force Lance              Conj/Tloc      ###.....     34%         4    ####...
 Animate Dead             Necr           N/A          45%         4    ####...
 Freezing Cloud           Conj/Ice/Air   ##........   100%        6    #######
 Ring of Flames           Chrm/Fire      #.........   100%        7    #######


Dungeon Overview and Level Annotations

Branches:
Dungeon (10/15)            Temple (1/1) D:7            Lair (0/6) D:8
    Orc: D:9-12

Altars:
Ashenzari
Cheibriados
Dithmenos
Elyvilon
Fedhas
Gozag
Hepliaklqana
Kikubaaqudgha
Makhleb
Nemelex Xobeh
Okawaru
Qazlal
Ru
Sif Muna
Trog
Uskayaw
Vehumet
Wu Jian
Xom
Yredelemnul
Zin
The Shining One


Innate Abilities, Weirdness & Mutations

You are resistant to torment.
Your stone body is resilient. (AC +7)
You are immune to poison.
You resist negative energy. (rN+)
You are resistant to electric shocks. (rElec)
You can survive without breathing.
You are immune to petrification.
You are immune to rotting.


Message History

L - a glowing cabochon ring
There are no items here.
You see here a bullfrog corpse.
You butcher the bullfrog corpse.
K - 12 chunks of flesh (gained 3)
You see here a bullfrog skeleton.
You see here a scorpion corpse.
There is an escape hatch in the ceiling here.
You see here a sky beast corpse.
You see here a tomahawk.
There is a stone staircase leading up here.
You start resting.
Eating one of 12 chunks of flesh.
You eat one of the 12 chunks of flesh.
This raw flesh tastes terrible.
Something hits you.
* * * LOW HITPOINT WARNING * * *
Deactivating autopickup; reactivate with Ctrl-A.
You block something's attack.
You start resting.
Something barely misses you.
You start resting.
Something hits you!
You die...

.....$....
.............
#............
............ . ##
#)..........
...###.####...........
........@#............
....##...☼÷..)........
......###(†<†.........
.....# ###....÷.......
..... ...............#
.... ..........####..#
... ...........# ..
... .....####..# .
..?.. #...#


There were no monsters in sight!

Vanquished Creatures
  Joseph (D:7)
  A troll (D:9)
  2 hippogriffs
  Sigmund (D:2)
  4 vampire mosquitoes (D:8)
  2 wargs (D:8)
  Edmund (D:6)
  2 water moccasins
  Duvessa (D:7)
  2 orc warriors
  2 sky beasts (D:10)
  2 ice beasts
  A black bear (D:6)
  2 ogres
  A phantom (D:4)
  5 centaurs
  A big kobold (D:9)
  2 bullfrogs
  3 scorpions
  Dowan (D:7)
  2 killer bees (D:10)
  6 howler monkeys
  10 wights
  2 crimson imps
  2 jellies
  2 quasits
  2 bullfrog skeletons
  4 hounds
  7 orc priests
  14 orc wizards
  Jessica (D:3)
  An iguana (D:5)
  8 worker ants
  A killer bee zombie (D:5)
  9 mummies
  A hound skeleton (D:4)
  Robin (D:2)
  3 gnolls (D:7)
  9 adders
  4 shadow imps
  2 oozes
  3 adder skeletons
  A worm (D:4)
  3 dart slugs
  3 leopard geckos
  48 orcs
  5 giant cockroaches
  17 goblins
  8 hobgoblins
  6 jackals
  6 quokkas
  5 bats
  5 frilled lizards
  4 hobgoblin zombies (Ossuary)
  9 kobolds
  3 kobold zombies
  3 orc zombies
  6 rats
263 creatures vanquished.

Notes
Turn   | Place    | Note
-------+----------+-------------------------------------------
     0 | D:1      | troglodite the Gargoyle Earth Elementalist began the quest
                  | for the Orb.
     0 | D:1      | Reached XP level 1. HP: 10/10 MP: 3/3
    99 | D:1      | Reached skill level 4 in Earth Magic
   400 | D:1      | Reached XP level 2. HP: 12/16 MP: 5/5
  1313 | D:1      | Reached XP level 3. HP: 20/20 MP: 6/6
  1916 | D:2      | Noticed Sigmund
  1921 | D:2      | Killed Sigmund
  1921 | D:2      | Reached skill level 1 in Fighting
  1921 | D:2      | Reached skill level 1 in Maces & Flails
  1921 | D:2      | Reached skill level 1 in Armour
  1921 | D:2      | Reached XP level 4. HP: 25/25 MP: 3/8
  1921 | D:2      | Reached XP level 5. HP: 29/29 MP: 3/9
  1934 | D:2      | Learned a level 2 spell: Passwall
  1938 | D:2      | Learned a level 3 spell: Stone Arrow
  2158 | D:2      | Found an ancient bone altar of Kikubaaqudgha.
  2372 | D:2      | Found a deep blue altar of Sif Muna.
  2374 | D:2      | Found a radiant altar of Vehumet.
  2379 | D:2      | Identified Vehumet's Incunabulum of Combat Magic
  2383 | D:2      | Learned a level 1 spell: Magic Dart
  2718 | D:3      | Noticed Robin
  3063 | D:2      | Reached skill level 1 in Transmutations
  3501 | D:2      | Killed Robin
  3501 | D:2      | Reached XP level 6. HP: 35/35 MP: 10/10
  3729 | D:3      | Noticed Jessica
  3749 | D:3      | Killed Jessica
  4392 | D:4      | HP: 1/35 [orc/+0 flail (1)]
  4772 | D:4      | Reached skill level 1 in Conjurations
  5150 | D:4      | Reached skill level 5 in Earth Magic
  5150 | D:4      | Reached XP level 7. HP: 35/40 MP: 0/11
  5998 | D:5      | Entered Level 5 of the Dungeon
  6725 | D:4      | Learned a level 4 spell: Petrify
  6934 | D:5      | Reached XP level 8. HP: 43/45 MP: 8/13
  7604 | D:5      | Reached skill level 1 in Shields
  8200 | D:6      | Noticed Edmund
  8229 | D:6      | Killed Edmund
  8229 | D:6      | Reached skill level 6 in Earth Magic
  8801 | D:7      | Noticed Duvessa
  8801 | D:7      | Noticed Dowan
  8806 | D:7      | Killed Dowan
  8833 | D:7      | Killed Duvessa
  8833 | D:7      | Reached skill level 5 in Stealth
  9157 | D:7      | Found a sand-covered staircase.
  9169 | D:7      | Reached XP level 9. HP: 10/51 MP: 5/15
  9174 | Ossuary  | Entered an ossuary
 10131 | D:7      | Found a staircase to the Ecumenical Temple.
 10287 | D:7      | Noticed Joseph
 10850 | D:7      | Killed Joseph
 11190 | D:7      | Reached skill level 5 in Spellcasting
 11891 | D:7      | Reached skill level 7 in Earth Magic
 12162 | Temple   | Entered the Ecumenical Temple
 12299 | Temple   | Became a worshipper of Qazlal Stormbringer
 12504 | D:8      | Learned a level 2 spell: Searing Ray
 12541 | D:8      | Learned a level 3 spell: Vampiric Draining
 12567 | D:8      | Reached skill level 1 in Axes
 12606 | D:8      | Reached XP level 10. HP: 38/58 MP: 4/18
 12851 | D:8      | Found a hide-covered altar of Uskayaw.
 12988 | D:8      | Reached * piety under Qazlal
 13391 | D:8      | Learned a level 3 spell: Spectral Weapon
 13436 | D:8      | Reached skill level 1 in Necromancy
 13536 | D:8      | Found a sacrificial altar of Ru.
 13538 | D:8      | Found a shattered altar of Ashenzari.
 13850 | D:8      | Found a staircase to the Lair.
 14237 | D:8      | Reached skill level 5 in Conjurations
 14244 | D:8      | Reached skill level 1 in Charms
 14848 | D:9      | Reached skill level 1 in Hexes
 14862 | D:9      | Reached skill level 5 in Fighting
 14961 | D:9      | Reached ** piety under Qazlal
 14964 | D:9      | Noticed a two-headed ogre
 14986 | D:10     | Entered Level 10 of the Dungeon
 15061 | D:10     | Reached skill level 8 in Earth Magic
 15091 | D:10     | HP: 2/59 [killer bee (6)]
 15141 | D:10     | Slain by an unseen horror

Skill      XL: |  1  2  3  4  5  6  7  8  9 10 |
---------------+-------------------------------+-----
Earth Magic    | 4 5 6 7 8 |  8.0
Fighting       | 1 2 3 4 5 |  5.1
Maces & Flails | 1 2 3 |  3.5
Armour         | 1 |  1.9
Dodging        | 2 3 4 |  4.4
Stealth        | 3 4 5 |  5.5
Transmutations | 1 2 3 4 |  4.1
Spellcasting   | 3 4 5 6 |  6.0
Conjurations   | 1 2 3 4 5 |  5.3
Shields        | 2 3 4 |  4.7
Axes           | 1 2 |  2.7
Necromancy     | 1 |  1.7
Charms         | 1 |  1.9
Hexes          | 1 |  1.4

Action                   |  1- 3 |  4- 6 |  7- 9 | 10-12 || total
-------------------------+-------+-------+-------+-------++-------
Melee: Unarmed           |    46 |       |       |       ||    46
       Club              |   144 |   240 |   652 |       ||  1036
       Hand axe          |       |       |    96 |   144 ||   240
 Cast: Sandblast         |    12 |    21 |    45 |     7 ||    85
       Stone Arrow       |       |       |   139 |    67 ||   206
       Searing Ray       |       |       |       |     1 ||     1
Evoke: Wand              |       |       |     2 |       ||     2
  Use: Scroll            |       |     5 |     9 |     1 ||    15
       Potion            |       |       |       |     3 ||     3
 Stab: Sleeping          |     1 |     1 |     3 |       ||     5
  Eat: Chunk             |     4 |    10 |    32 |     5 ||    51
       Ration            |       |       |     1 |     2 ||     3
Armor: Robe              |    23 |    44 |   323 |   108 ||   498
       Ring mail         |   112 |    99 |       |       ||   211
       Leather armour    |       |       |    67 |       ||    67
Dodge: Dodged            |   138 |   184 |   602 |   199 ||  1123
Block: Buckler           |       |       |   111 |    73 ||   184
